 Dungeon Crawl Stone Soup version 0.26-a0-712-ga5a9c9c9d0 (webtiles) character file.

Game seed: 3159263337797585376

15511 somkeydreadnuts the Geomancer (level 12, 0/76 HPs)
             Began as a Gargoyle Earth Elementalist on Nov 1, 2020.
             Was a High Priest of Vehumet.
             Slain by a boulder beetle (46 damage)
             ... on level 12 of the Dungeon on Nov 2, 2020.
             The game lasted 01:26:35 (11352 turns).

somkeydreadnuts the Geomancer (GrEE)               Turns: 11352, Time: 01:26:36

Health: 0/76       AC: 18    Str: 12    XL:     12   Next: 27%
Magic:  13/22      EV: 12    Int: 28    God:    Vehumet [*****.]
Gold:   813        SH:  0    Dex: 10    Spells: 1/25 levels left

rFire    . . .     SeeInvis +   Q - +10 spear of Keiss {drain, rC+ Int+3}
rCold    + . .     Faith    .   (no shield)
rNeg     + . .     Spirit   .   w - +1 robe {MR+}
rPois    ∞         Reflect  .   (helmet restricted)
rElec    +         Harm     .   K - +2 cloak {rCorr}
rCorr    +         Rampage  .   H - +0 pair of gloves
MR       +....     Rnd*Rage +   k - +0 pair of boots
Stlth    ++........             (no amulet)
HPRegen  0.22/turn              g - ring of see invisible
MPRegen  0.18/turn              M - +6 ring of intelligence

@: slowed, very slow
A: hooves 1, horns 1, molten scales 1, berserk 1, dopey 1, negative energy
resistance 1, electricity resistance, unbreathing, petrification resistance, rot
immunity, AC +8
a: Renounce Religion


You were on level 12 of the Dungeon.
You worshipped Vehumet.
Vehumet was extremely pleased with you.
You visited 1 branch of the dungeon, and saw 12 of its levels.

You collected 813 gold pieces.

Inventory:

Hand Weapons
 C - a +2 halberd of distortion
 Q - the +10 spear of Keiss (weapon) {drain, rC+ Int+3}
   (You found it on level 12 of the Dungeon)

   A truly terrible weapon, it drains the life of those it strikes.
   It affects your intelligence (+3).
   It protects you from cold.
Missiles
 b - 81 stones (quivered)
Armour
 a - +0 shadow dragon scales
 k - a +0 pair of boots (worn)
 n - a +0 kite shield
 w - a +1 robe of magic resistance (worn)
 H - a +0 pair of gloves (worn)
 K - a +2 cloak of preservation (worn)
Jewellery
 g - a ring of see invisible (left hand)
 I - an uncursed ring of ice
 M - a +6 ring of intelligence (right hand)
Wands
 t - a wand of flame (29)
 G - a wand of acid (11)
 L - a wand of disintegration (10)
 P - a wand of iceblast (9)
Scrolls
 d - 2 scrolls of teleportation {unknown}
 e - 2 scrolls of enchant weapon {unknown}
 f - 6 scrolls of enchant armour {unknown}
 h - 3 scrolls of blinking {unknown}
 i - 5 scrolls of remove curse {unknown}
 j - 2 scrolls of immolation {unknown}
 m - 8 scrolls of identify
 o - 3 scrolls of fog {unknown}
 q - 3 scrolls of amnesia {unknown}
 v - 2 scrolls of magic mapping {unknown}
 y - a scroll of torment {unknown}
 F - a scroll of vulnerability {unknown}
 J - 3 scrolls of noise {unknown}
Potions
 r - a potion of flight {unknown}
 s - 5 potions of stabbing
 u - a potion of haste
 x - 8 potions of curing
 z - a potion of heal wounds
 A - a potion of resistance {unknown}
 B - a potion of might
 E - a potion of lignification {unknown}
 N - a potion of invisibility {unknown}
 O - a potion of mutation


   Skills:
 - Level 9.0 Fighting
   Level 0.5(0.8) Short Blades
   Level 0.5(0.8) Long Blades
 - Level 1.6 Dodging
 - Level 2.2 Stealth
 + Level 3.7 Shields
 - Level 7.0 Spellcasting
 - Level 10.3 Conjurations
 - Level 0.7 Transmutations
 - Level 7.0 Fire Magic
 - Level 11.1 Earth Magic
 + Level 4.9 Evocations


You had one spell level left.
You knew the following spells:

 Your Spells              Type           Power        Failure   Level
a - Sandblast             Erth           ######       1%          1
b - Petrify               Tmut/Erth      #####...     4%          4
c - Lee's Rapid Deconstr  Erth           ######....   1%          5
d - Conjure Flame         Conj/Fire      ######..     1%          3
e - Bolt of Magma         Conj/Fire/Erth ######....   1%          5
f - Iron Shot             Conj/Erth      ######....   2%          6

Your spell library contained the following spells:

 Spells                   Type           Power        Failure   Level
 Sticky Flame             Conj/Fire      ######..     1%          4
 Passwall                 Tmut/Erth      #####...     1%          2
 Stone Arrow              Conj/Erth      ######       1%          3


Dungeon Overview and Level Annotations

Branches:
Dungeon (12/15)            Temple (0/1) D:5            Lair (0/6) D:11
    Orc (0/2) D:10

Altars:
Dithmenos
Elyvilon
Makhleb
Ru
Uskayaw
Vehumet
The Shining One

Shops:
D:11 }

Annotations:
D:12 exclusion: ice statue


Innate Abilities, Weirdness & Mutations

You are resistant to torment.
Your stone body is resilient. (AC +8)
You are immune to poison.
You resist negative energy. (rN+)
You are resistant to electric shocks. (rElec)
You can survive without breathing.
You are immune to petrification.
You are immune to rotting.
You have large cloven feet.
You have a pair of small horns on your head.
You are partially covered in molten scales. (AC +2)
You tend to lose your temper in combat.
You are dopey. (Int -2)


Message History

The boulder beetle bites you but does no damage.
The boulder beetle blinks!
Evoke which item? (* to show all) (? for menu, Esc to quit)
Aiming: Corrosive Bolt
Press: ? - help, Shift-Dir - straight line, f/p - boulder beetle
Aim: a boulder beetle (moderately wounded)
The bolt of acid hits the boulder beetle!
The boulder beetle is splashed with acid.
The acid corrodes the boulder beetle!
The boulder beetle is heavily wounded.
Evoke which item? (* to show all) (? for menu, Esc to quit)
Aiming: Throw Flame
Press: ? - help, Shift-Dir - straight line, f/p - boulder beetle
Aim: a boulder beetle (heavily wounded, covered in acid)
The puff of flame hits the boulder beetle but does no damage.
The boulder beetle is heavily wounded.
The boulder beetle curls into a ball and begins rolling!
The boulder beetle hits you!!!
Ouch! That really hurt!
You die...

....... ......... .........
#.......#######
#.......#.....#.......
#.......#.....#.......#
#.......'.....#.......#
#.......#.....#.......#
#.....B@#.....#.......#
....°○..#○)...#.......#
........'.....#.......#
........#.....'.......#. >......
......>.#)....#.......#.
.................#######.......#.
...............................#.
....≈≈.⌠.......................#.
...≈.≈≈.##'#+####............###.


You could see a boulder beetle (corroded).

Vanquished Creatures
  Harold (D:8)
  Fannar (D:10)
  A two-headed ogre (D:12)
  3 death yaks (D:11)
  A deep elf mage (D:12)
  An ugly thing (D:11)
  A manticore (D:11)
  Maurice (D:10)
  A gargoyle (D:11)
  A troll (D:10)
  Grinder (D:6)
  A hornet (D:9)
  3 slime creatures (D:9)
  2 wyverns
  A wraith (D:12)
  10 yaks
  2 water moccasins
  7 orc warriors
  8 ice beasts
  2 sky beasts
  3 black bears
  An eye of draining (D:10)
  A necrophage (D:8)
  3 phantoms
  6 ogres
  2 centaurs
  A gnoll sergeant (D:10)
  8 bullfrogs
  4 scorpions
  6 killer bees (D:7)
  15 wights
  3 howler monkeys
  2 quasits
  2 bullfrog zombies
  9 hounds
  5 jellies
  5 orc priests
  A centaur skeleton (D:10)
  4 iguanas
  13 orc wizards
  Natasha (thrice) (D:3)
  8 worker ants
  A hound zombie (D:6)
  A hound skeleton (D:11)
  A howler monkey zombie (D:6)
  5 gnolls (D:10)
  4 worker ant zombies
  13 adders
  A howler monkey skeleton (D:10)
  A shadow imp (D:10)
  6 white imps
  3 ufetubi
  3 adder zombies
  An adder skeleton (D:7)
  4 worms
  2 dart slugs
  7 leopard geckos
  66 orcs
  3 bats
  5 giant cockroaches
  3 hobgoblins
  19 jackals
  4 quokkas
  3 ball pythons
  7 frilled lizards
  A giant cockroach zombie (D:4)
  7 goblins
  9 kobolds
  A leopard gecko zombie (D:4)
  A quokka skeleton (D:2)
  4 rats
340 creatures vanquished.

Vanquished Creatures (others)
  A goblin (D:2)
  19 plants (D:5)
  5 withered plants (D:4)
25 creatures vanquished.

Grand Total: 365 creatures vanquished

Notes
Turn   | Place    | Note
-------+----------+-------------------------------------------
     0 | D:1      | somkeydreadnuts the Gargoyle Earth Elementalist began the
                  | quest for the Orb.
     0 | D:1      | Reached XP level 1. HP: 10/10 MP: 3/3
   152 | D:1      | Reached skill level 4 in Earth Magic
   152 | D:1      | Reached XP level 2. HP: 15/15 MP: 3/5
  1104 | D:2      | Reached XP level 3. HP: 15/19 MP: 1/6
  1220 | D:2      | Reached skill level 5 in Earth Magic
  1586 | D:2      | Reached XP level 4. HP: 24/24 MP: 3/7
  1756 | D:2      | Found a radiant altar of Vehumet.
  1776 | D:2      | Became a worshipper of Vehumet
  2244 | D:3      | Reached skill level 6 in Earth Magic
  2327 | D:3      | Reached XP level 5. HP: 22/28 MP: 6/8
  2540 | D:3      | You fall into a shaft and drop 1 floor!
  2542 | D:4      | Noticed Natasha
  2550 | D:3      | Killed Natasha
  2674 | D:3      | Noticed Natasha
  2678 | D:3      | Killed Natasha
  2678 | D:3      | Reached skill level 7 in Earth Magic
  2727 | D:3      | Noticed Natasha
  2732 | D:3      | Killed Natasha
  2862 | D:3      | Reached * piety under Vehumet
  2862 | D:3      | Offered knowledge of Freeze by Vehumet.
  3258 | D:4      | Reached XP level 6. HP: 31/32 MP: 6/9
  3476 | D:4      | You fall into a shaft and drop 2 floors!
  3488 | D:5      | Entered Level 5 of the Dungeon
  3489 | D:5      | Reached skill level 8 in Earth Magic
  3850 | D:5      | Reached skill level 9 in Earth Magic
  3850 | D:5      | Reached XP level 7. HP: 36/36 MP: 7/10
  3895 | D:5      | Found a staircase to the Ecumenical Temple.
  4025 | D:4      | Reached ** piety under Vehumet
  4026 | D:4      | Offered knowledge of Searing Ray by Vehumet.
  4300 | D:4      | Gained mutation: You are partially covered in molten
                  | scales. (AC +2) [potion of mutation]
  4300 | D:4      | Gained mutation: You do not regenerate when monsters are
                  | visible. [potion of mutation]
  4300 | D:4      | Gained mutation: You have a pair of small antennae on your
                  | head. [potion of mutation]
  4301 | D:4      | Lost mutation: You do not regenerate when monsters are
                  | visible. [potion of mutation]
  4301 | D:4      | Lost mutation: You have a pair of small antennae on your
                  | head. [potion of mutation]
  4301 | D:4      | Gained mutation: You have large cloven feet. [potion of
                  | mutation]
  4301 | D:4      | Gained mutation: You tend to lose your temper in combat.
                  | [potion of mutation]
  4301 | D:4      | Gained mutation: You are dopey. (Int -2) [potion of
                  | mutation]
  4301 | D:4      | Gained mutation: You have a pair of small horns on your
                  | head. [potion of mutation]
  4586 | D:5      | Reached skill level 10 in Earth Magic
  4712 | D:5      | Found a sacrificial altar of Ru.
  5008 | D:6      | Found a hide-covered altar of Uskayaw.
  5064 | D:6      | Noticed Grinder
  5076 | D:6      | Killed Grinder
  5076 | D:6      | Reached skill level 11 in Earth Magic
  5076 | D:6      | Reached XP level 8. HP: 35/41 MP: 6/11
  5874 | D:7      | Offered knowledge of Static Discharge by Vehumet.
  5874 | D:7      | Reached skill level 5 in Spellcasting
  5901 | D:7      | Reached XP level 9. HP: 40/45 MP: 11/18
  6009 | D:7      | Learned a level 4 spell: Petrify
  6015 | D:7      | Learned a level 5 spell: Lee's Rapid Deconstruction
  6030 | D:7      | Reached *** piety under Vehumet
  6281 | D:7      | Offered knowledge of Conjure Flame by Vehumet.
  6345 | D:7      | You fall into a shaft and drop 1 floor!
  6345 | D:8      | Noticed Harold
  6354 | D:8      | Killed Harold
  6946 | D:8      | Learned a level 3 spell: Conjure Flame
  6994 | D:8      | Reached XP level 10. HP: 59/64 MP: 12/20
  7208 | D:8      | Reached **** piety under Vehumet
  7208 | D:8      | Reached skill level 1 in Evocations
  7218 | D:8      | Reached skill level 1 in Fire Magic
  7358 | D:8      | Offered knowledge of Bolt of Magma by Vehumet.
  7365 | D:8      | Learned a level 5 spell: Bolt of Magma
  7378 | D:8      | Found a burning altar of Makhleb.
  7631 | D:9      | Reached skill level 1 in Conjurations
  8215 | D:9      | Found a white marble altar of Elyvilon.
  8221 | D:9      | Found a shadowy altar of Dithmenos.
  8227 | D:9      | Found a glowing golden altar of the Shining One.
  8266 | D:9      | Reached skill level 5 in Conjurations
  8840 | D:10     | Entered Level 10 of the Dungeon
  8983 | D:10     | Noticed Fannar
  8997 | D:10     | Reached XP level 11. HP: 57/71 MP: 5/21
  9000 | D:10     | Killed Fannar
  9358 | D:10     | Noticed Maurice
  9371 | D:10     | Killed Maurice
  9504 | D:10     | Reached ***** piety under Vehumet
  9524 | D:10     | Offered knowledge of Iron Shot by Vehumet.
  9578 | D:10     | Found a staircase to the Orcish Mines.
  9923 | D:11     | Found Icergh's Gadget Emporium.
  9941 | D:11     | Learned a level 6 spell: Iron Shot
 10188 | D:11     | Noticed a manticore
 10195 | D:11     | Killed a manticore
 10195 | D:11     | Reached skill level 5 in Fire Magic
 10433 | D:11     | Noticed a death yak
 10433 | D:11     | Noticed a death yak
 10451 | D:11     | Killed a death yak
 10453 | D:11     | Noticed a death yak
 10456 | D:11     | Killed a death yak
 10456 | D:11     | Reached skill level 10 in Conjurations
 10462 | D:11     | Killed a death yak
 10569 | D:11     | Found a staircase to the Lair.
 10747 | D:11     | Noticed a green ugly thing
 10757 | D:11     | Killed a green ugly thing
 10763 | D:11     | Reached XP level 12. HP: 76/76 MP: 6/22
 11005 | D:12     | Noticed a two-headed ogre
 11014 | D:12     | Reached skill level 1 in Shields
 11016 | D:12     | Killed a two-headed ogre
 11245 | D:12     | Offered knowledge of Sticky Flame by Vehumet.
 11303 | D:12     | Got a smoking spear
 11304 | D:12     | Identified the +10 spear of Keiss {drain, rC+ Int+3} (You
                  | found it on level 12 of the Dungeon)
 11317 | D:12     | Noticed a boulder beetle
 11352 | D:12     | Slain by a boulder beetle

Illustrated notes

Levels and vault maps discovered:
D:1:      beargit_arrival_greenhouse, layout_basic
D:2:      layout_loops_ring, fiery_altar_vehumet
D:3:      layout_rooms, saegor_snake_ambush
D:4:      layout_loops_ring, serial_undead, serial_undead_b, serial_undead_d,
          serial_undead_e, serial_undead_f, serial_undead_f, uniq_natasha
D:5:      layout_basic, lemuel_coloured_pillars_altar,
          minmay_temple_entry_sparse_star, kennysheep_boxes
D:6:      lemuel_ice_spiral_2, layout_rooms, eat_drink_and_be_merry_uskayaw,
          uniq_grinder
D:7:      minmay_spotlight, layout_basic
D:8:      layout_rooms, lightli_temple_of_fire, uniq_harold
D:9:      layout_basic, minmay_overflow_temple_star_quad
D:10:     layout_roguey, hiddenorc1_lemuel, uniq_maurice, uniq_fannar
D:11:     layout_cross, dpeg_lair_monsters, serial_shops, shop
D:12:     layout_irregular_city, enter_trove_0, ice2_lemuel, uniq_frances

Skill      XL: |  1  2  3  4  5  6  7  8  9 10 11 12 |
---------------+-------------------------------------+-----
Earth Magic    | 4 5 6 7 9 11 | 11.1
Spellcasting   | 6 7 |  7.0
Fighting       | 7 9 |  9.0
Evocations     | 1 3 4 |  4.9
Fire Magic     | 1 7 |  7.0
Conjurations   | 8 10 | 10.3
Shields        | 3 |  3.7
Short Blades   | |  0.5
Long Blades    | |  0.5
Dodging        | |  1.6
Stealth        | |  2.2
Transmutations | |  0.7

Action                   |  1- 3 |  4- 6 |  7- 9 | 10-12 || total
-------------------------+-------+-------+-------+-------++-------
Melee: Unarmed           |     1 |       |       |       ||     1
       Short sword       |    49 |    48 |       |       ||    97
       Long sword        |       |    44 |    86 |       ||   130
       Headbutt          |       |       |    11 |    20 ||    31
       War axe           |       |       |    56 |   155 ||   211
       Spear             |       |       |       |     2 ||     2
 Cast: Sandblast         |    34 |    57 |    95 |   185 ||   371
       Lee's Rapid Decon |       |       |     4 |    30 ||    34
       Conjure Flame     |       |       |       |     4 ||     4
       Bolt of Magma     |       |       |       |    18 ||    18
       Iron Shot         |       |       |       |     3 ||     3
Evoke: Wand              |       |       |       |    16 ||    16
  Use: Potion            |       |     6 |     3 |     1 ||    10
       Scroll            |       |       |       |     1 ||     1
 Stab: Sleeping          |     1 |     2 |     2 |     1 ||     6
Armor: Robe              |    25 |    48 |    89 |   122 ||   284
Dodge: Dodged            |    56 |    93 |   130 |   159 ||   438
       Rpst.: Long sword |       |    18 |    25 |       ||    43

Table legend: (Time is in decaauts)
 A = Elapsed time spent in this place.
 B = Non-inter-level travel time spent in this place.
 C = Inter-level travel time spent in this place.
 D = Time resting spent in this place.
 E = Time spent auto-exploring this place.
 F = Levels seen in this place.
 G = Mean time per level.
                   A        B        C        D        E       F      G
               +--------+--------+--------+--------+--------+-----+--------+
         Total |  11540 |  11540 |      0 |      0 |   7144 |  12 |  961.7 |
       Dungeon |  11540 |  11540 |      0 |      0 |   7144 |  12 |  961.7 |
               +--------+--------+--------+--------+--------+-----+--------+

Top non-repeatable levels by time:
     D:9: 1264 daAuts
     D:2: 1130 daAuts
    D:10: 1109 daAuts
    D:11: 1070 daAuts
     D:3: 1068 daAuts
     D:1: 1052 daAuts
     D:5: 1051 daAuts
     D:8: 921 daAuts
     D:7: 920 daAuts
     D:6: 866 daAuts
     D:4: 697 daAuts
    D:12: 387 daAuts
